 Dungeon Crawl Stone Soup version 0.25.1-2-g60ff931df9 (webtiles) character file.

Game seed: 11937513813790739385

149 mcf the Skirmisher (level 5, -4/47 HPs)
             Began as a Hill Orc Fighter on Aug 7, 2020.
             Was an Initiate of Fedhas.
             Slain by an adder (5 damage)
             ... on level 2 of the Dungeon.
             The game lasted 00:11:33 (1875 turns).

mcf the Skirmisher (Hill Orc Fighter)               Turns: 1875, Time: 00:11:34

Health: -4/47      AC:  0    Str: 25    XL:     5   Next: 31%
Magic:  5/5        EV:  9    Int:  9    God:    Fedhas [......]
Gold:   80         SH: 10    Dex: 10    Spells: 4/4 levels left

rFire    . . .     SeeInvis .   a - +0 war axe
rCold    . . .     Gourm    .   c - +0 kite shield
rNeg     . . .     Faith    .   (no armour)
rPois    .         Spirit   .   (no helmet)
rElec    .         Reflect  .   (no cloak)
rCorr    .         Harm     .   (no gloves)
MR       .....                  (no boots)
Stlth    +.........             (no amulet)
HPRegen  0.15/turn              m - +6 ring of strength
MPRegen  0.09/turn              (no ring)

@: mighty, lethally poisoned (-4 -> -9)
A: no striking features
a: Renounce Religion


You were on level 2 of the Dungeon.
You worshipped Fedhas.
Fedhas was noncommittal.
You were not hungry.

You visited 1 branch of the dungeon, and saw 2 of its levels.

You collected 80 gold pieces.

Inventory:

Hand Weapons
 a - a +0 war axe (weapon)
 g - a +2 dagger of draining
Missiles
 h - 45 arrows
 n - 12 sling bullets
 o - 19 stones (quivered)
 p - 21 bolts
Armour
 b - a +0 scale mail
 c - a +0 kite shield (worn)
 i - a +0 ring mail
 q - a +0 scale mail
Jewellery
 f - an uncursed ring of attention
 m - a +6 ring of strength (left hand)
Scrolls
 e - 2 scrolls of fear {unknown}
 j - a scroll of enchant armour {unknown}
 s - a scroll of teleportation
 t - a scroll of fog {unknown}
 u - a scroll of magic mapping {unknown}
 v - a scroll of identify
Potions
 k - a potion of resistance
Comestibles
 l - 2 chunks of flesh
 r - 3 rations


   Skills:
 + Level 4.7 Fighting
 + Level 4.4 Axes
 + Level 0.2 Throwing
 + Level 3.3 Armour
 + Level 1.0 Dodging
 + Level 1.0 Stealth
 + Level 4.1 Shields


You had 4 spell levels left.
You didn't know any spells.
Your spell library was empty.

Dungeon Overview and Level Annotations

Branches:
Dungeon (2/15)

Altars:
Fedhas


Message History

The adder poisons you! The adder bites you.
You are more poisoned.
The adder poisons you!
You barely miss the adder.
You feel sick. The adder bites you. x2
* * * LOW HITPOINT WARNING * * *
You miss the adder.
You feel sick. The adder bites you.
* * * LOW HITPOINT WARNING * * *
You feel very mighty all of a sudden.
* * * LOW HITPOINT WARNING * * *
You feel sick. You block the adder's attack. The adder bites you.
* * * LOW HITPOINT WARNING * * *
You closely miss the adder.
* * * LOW HITPOINT WARNING * * *
You feel sick. You block the adder's attack. The adder closely misses you.
You slash the adder!
The adder is almost dead.
* * * LOW HITPOINT WARNING * * *
You feel sick. The adder bites you.
You die...
Fedhas appreciates your contribution to the ecosystem.

#................
#####.........#######
..# #...#.......).# ..#.
#...#...####'#####
....##...#...##.......#
.........'............#
.........######..รท....#
.........######.......#
.#......#@...##.......#
##.....S....##.......#
#..........##.......#
#.......#####.......#
#.......# #########
#......(# #.......#
#####.### #.#


You could see an adder.

Vanquished Creatures
  An ogre (D:2)
  2 adders (D:2)
  A dart slug (D:1)
  5 leopard geckos
  2 giant cockroaches
  5 hobgoblins
  3 jackals (D:2)
  6 kobolds
  2 ball pythons (D:1)
  3 bats
  3 frilled lizards
  6 rats
39 creatures vanquished.

Notes
Turn   | Place    | Note
-------+----------+-------------------------------------------
     0 | D:1      | mcf the Hill Orc Fighter began the quest for the Orb.
     0 | D:1      | Reached XP level 1. HP: 19/19 MP: 1/1
    92 | D:1      | Reached XP level 2. HP: 20/27 MP: 2/2
   712 | D:1      | Reached XP level 3. HP: 9/33 MP: 3/3
  1293 | D:2      | Noticed an ogre
  1300 | D:2      | Killed an ogre
  1300 | D:2      | Reached skill level 1 in Stealth
  1300 | D:2      | Reached XP level 4. HP: 19/41 MP: 4/4
  1300 | D:2      | Reached XP level 5. HP: 21/47 MP: 5/5
  1514 | D:2      | Found a blossoming altar of Fedhas.
  1529 | D:2      | Noticed an oklob plant
  1540 | D:2      | Became a worshipper of Fedhas Madash
  1866 | D:2      | Reached skill level 1 in Dodging
  1874 | D:2      | HP: 2/47 [poisoned by an adder]
  1875 | D:2      | Slain by an adder

Illustrated notes

Levels and vault maps discovered:
D:1:      lemuel_arrival_hallway, layout_basic, minmay_circled_x
D:2:      layout_basic, tgw_fedhas

Skill      XL: |  1  2  3  4  5 |
---------------+----------------+-----
Fighting       | 4 |  4.7
Axes           | 4 |  4.4
Stealth        | 1 |  1.0
Shields        | 4 |  4.1
Dodging        | 1 |  1.0
Throwing       | |  0.2
Armour         | |  3.3

Action                   |  1- 3 |  4- 6 || total
-------------------------+-------+-------++-------
Melee: War axe           |    80 |    25 ||   105
Throw: Stone             |     4 |       ||     4
  Use: Scroll            |     2 |     2 ||     4
       Potion            |       |     1 ||     1
 Stab: Sleeping          |     1 |       ||     1
  Eat: Ration            |     1 |       ||     1
Armor: Scale mail        |     7 |       ||     7
Dodge: Dodged            |    37 |    10 ||    47
Block: Kite shield       |    58 |    18 ||    76
